Cogmind - Beta 12 --- EXPLORER MODE // 2024.02.13 @ 20:07:12 Player: Olexender Result: Destroyed by B-90 Cyclops with Nova Cannon Performance ------------- Evolutions (8) 4000 Regions Visited (17) 3400 Robots Destroyed (249) 1245 Value Destroyed (12488) 12488 Prototype IDs (21) 420 Alien Tech Used (0) 0 Bonus (1668) 1668 TOTAL SCORE: 23221 Bonus ------- High Alert Combat Kills 46 Follower Combat Kills 708 Entered DSFs 500 Met R17 at Cetus 500 Friendly Fire -86 Cogmind --------- Core Integrity 0/1450 Matter 268/300 Energy 71/150 System Corruption 23% Temperature Cool (40) Movement Core (350) Ox6 Location -2/Research Parts ------- > --- POWER (3) -------- Micro Antimatter Reactor > --- PROPULSION (9) --- (None) > --- UTILITY (9) ------ (None) > --- WEAPON (3) ------- Nova Cannon > --- INVENTORY (5) ---- Medium Storage Unit High-capacity Matter Pod (200) Advanced Matter Compressor (0) Peak State ------------ > --- POWER ------------ Light Antimatter Reactor Antimatter-Particle Reactor > --- PROPULSION ------- Hovering Antigrav-Antigrav Exoskeleton Antigrav Array > --- UTILITY ---------- Armored Scrap Engine Advanced Heat Sink Advanced Coolant Injector Medium Storage Unit Small Battery Advanced ECM Suite Point Defense Array > --- WEAPON ----------- Hyp. Kinetic Rail Construct/G Centrium Greatsword > --- INVENTORY -------- Improved Coolant Injector Small Battery Compact Battery High-capacity Matter Pod Advanced Kinecellerator Plasma Sword [Rating: 145] Favorites ----------- Power Constructs Engine Heavy Ion Engine Power Core Light Nuclear Core Reactor Constructs Propulsion Aluminum Leg Leg Aluminum Leg Hover Unit Constructs Utility Medium Storage Unit Device Armored Scrap Engine Storage Medium Storage Unit Processor Improved Signal Interpreter Protection Improved Propulsion Shielding Weapon Spear Energy Gun Particle Gun Energy Cannon Enhanced Nova Cannon Ballistic Gun Constructs Special Weapon Improved Plasma Cutter Slashing Weapon Power Sword Piercing Weapon Spear Build | -11 -10 -10 -9 -9 -8 -7 -7 -7 -5 -5 -5 -5 -5 -4 -4 -3 -2 ------- Run | Jun Mat Min Mat Min Mat Fac Sto Rec Fac Ext Cet Arc Hub Fac DSF Res Res Slots Evolved 17 | . 1 . 2 . 2 2 . . 4 . . . . 2 . 2 2 Power 2 | . . . 1 . . . . . 1 . . . . . . . . Propulsion 7 | . 1 . . . 1 1 . . 1 . . . . 1 . 1 1 Utility 7 | . . . 1 . 1 1 . . 1 . . . . 1 . 1 1 Weapon 1 | . . . . . . . . . 1 . . . . . . . . Parts Attached 306 | 6 9 3 25 7 40 24 8 20 34 7 5 1 9 . 3 46 59 Power 33 | 1 1 . 3 1 8 3 6 . . . . . . . . 1 9 Engine 11 | 1 . . 3 . 4 1 2 . . . . . . . . . . Core 12 | . 1 . . 1 4 2 4 . . . . . . . . . . Reactor 10 | . . . . . . . . . . . . . . . . 1 9 Propulsion 45 | 2 3 . 6 . 14 7 . 2 3 . . . . . . . 8 Treads . | . . . . . . . . . . . . . . . . . . Leg 13 | 2 3 . 3 . 5 . . . . . . . . . . . . Wheel . | . . . . . . . . . . . . . . . . . . Hover 32 | . . . 3 . 9 7 . 2 3 . . . . . . . 8 Flight . | . . . . . . . . . . . . . . . . . . Utility 181 | 2 3 1 8 6 13 10 2 17 26 7 5 1 2 . 3 43 32 Device 157 | . 2 1 8 6 11 6 1 16 24 6 5 1 2 . 3 41 24 Storage 10 | 1 . . . . . 1 . . . . . . . . . . 8 Processor 4 | . . . . . . . 1 . 1 . . . . . . 2 . Hackware . | . . . . . . . . . . . . . . . . . . Protection 10 | 1 1 . . . 2 3 . 1 1 1 . . . . . . . Artifact . | . . . . . . . . . . . . . . . . . . Weapon 47 | 1 2 2 8 . 5 4 . 1 5 . . . 7 . . 2 10 Energy Gun 9 | . 1 . 4 . 1 . . . . . . . 1 . . . 2 Energy Cannon 3 | . . . . . . . . . . . . . . . . . 3 Ballistic Gun 11 | 1 1 2 4 . 3 . . . . . . . . . . . . Ballistic Cannon . | . . . . . . . . . . . . . . . . . . Launcher . | . . . . . . . . . . . . . . . . . . Special Weapon 3 | . . . . . . . . . . . . . 2 . . 1 . Impact Weapon . | . . . . . . . . . . . . . . . . . . Slashing Weapon 17 | . . . . . 1 4 . 1 5 . . . . . . 1 5 Piercing Weapon 4 | . . . . . . . . . . . . . 4 . . . . Special Melee Weapon . | . . . . . . . . . . . . . . . . . . Unidentified Prototypes 16 | . . . 2 1 2 . 3 . 1 . . . . . . 5 2 Corrupted Parts 1 | . . . . . . . . . . . . . . . . 1 . System Corruption 3 | . . . . . . . . . . . . . . . . 3 . Parts Lost 101 | . . . . . 19 2 . . 2 4 9 1 5 . 4 14 41 Power 17 | . . . . . 5 . . . . . 2 . . . 1 2 7 Propulsion 24 | . . . . . 7 . . . . . 2 . . . 1 1 13 Utility 43 | . . . . . 5 1 . . 2 4 2 1 2 . 2 8 16 Weapon 17 | . . . . . 2 1 . . . . 3 . 3 . . 3 5 Highest Loss Streak 10 | . . . . . 10 1 . . 1 1 6 1 2 . 4 4 9 To Critical Strikes 4 | . . . . . . . . . . . 2 . . . . . 2 Average Slot Usage (%) 72 | . 97 100 99 90 84 96 100 92 65 52 51 50 52 50 46 51 44 Engine 3 | . 2 . 15 6 2 7 3 . 1 1 3 5 2 . . . . Core 5 | . 9 12 4 3 9 6 10 14 5 3 1 . 2 5 1 . . Reactor 1 | . . . . . . . . . . . . . . . 3 3 6 Leg 8 | . 36 37 30 . 11 . . . . . . . . . . . . Hover 9 | . . . . 30 13 33 35 35 12 1 5 5 4 5 5 2 9 Device 17 | . 9 12 20 20 19 20 17 13 17 14 18 22 21 20 16 21 16 Storage 6 | . 12 12 10 10 8 7 7 7 5 5 5 5 5 5 5 4 6 Processor 1 | . . . . . . . 3 7 3 2 . . . . . 2 . Energy Gun 3 | . 8 12 9 10 7 1 . . . . . 3 3 . . 1 . Ballistic Gun 4 | . 13 12 9 10 7 1 . . 1 . 4 7 1 . . . 1 Slashing Weapon 4 | . . . . . . 10 14 14 10 11 7 . . . . . 2 Piercing Weapon 1 | . . . . . . . . . . . . . 5 15 15 8 . Naked Turns 7 | . . . . . . . . . . . . . . . . . 7 Heaviest Build 96 | 19 21 21 36 26 33 41 41 39 53 61 96 38 69 42 42 66 77 Greatest Support 110 | 20 30 30 39 33 41 42 41 42 110 110 66 52 94 94 94 82 99 Greatest Overweight (x) 25 | . . . 1 . 5 1 . . 1 . 3 . 3 . . 5 25 Average Overweight (x) . | . . . . . . . . . . . . . . . . . . Largest Inventory Capacity 10 | 10 10 10 10 10 10 10 10 10 10 10 10 10 10 10 10 10 10 Average Capacity 9 | 5 10 10 10 10 10 10 10 10 10 10 10 10 10 10 10 10 9 Most Carried 10 | 5 9 10 10 10 10 10 10 10 10 10 8 4 5 3 10 10 10 Average Carried 7 | 2 5 9 9 8 8 9 9 9 9 9 6 3 3 3 4 8 5 Final Capacity 10 | 10 10 10 10 10 10 10 10 10 10 10 10 10 10 10 10 10 5 Final Carried 10 | . 9 10 8 10 7 10 10 10 10 8 4 3 3 3 10 5 3 Scrap Engine Consumption 428 | . . . . . . . . 29 104 54 26 7 27 2 60 81 38 Constructs Created 13 | . . . . . . . . . 3 . 2 . 1 . . 3 4 Constructs Modified 117 | . . . . . . . . . 30 23 9 1 11 . 3 36 4 Class Distribution -------------------- 63% | Hacker-Mutant 25% | Hacker-Construct 8% | Scavenger-Mutant Dominant Class ---------------- Hacker-Mutant | -10/Materials Hacker-Mutant | -10/Mines Hacker-Mutant | -9/Materials Hacker-Mutant | -9/Mines Scavenger-Mutant | -8/Materials Hacker-Mutant | -7/Factory Hacker-Mutant | -7/Storage Hacker-Mutant | -7/Recycling Hacker-Construct | -5/Factory Hacker-Construct | -5/Extension Hacker-Construct | -5/Cetus Hacker-Construct | -5/Archives Hacker-Construct | -5/Hub_04(d) Hacker-Construct | -4/Factory Hacker-Mutant | -4/DSF Hacker-Mutant | -3/Research Hacker-Mutant | -2/Research Resources | -11 -10 -10 -9 -9 -8 -7 -7 -7 -5 -5 -5 -5 -5 -4 -4 -3 -2 ----------- Run | Jun Mat Min Mat Min Mat Fac Sto Rec Fac Ext Cet Arc Hub Fac DSF Res Res Matter Collected 3899 | 260 129 312 299 163 567 262 50 210 369 70 30 15 108 . 18 510 527 Remotely . | . . . . . . . . . . . . . . . . . . Salvage Created 13500 | . 299 185 722 160 1684 1104 80 251 2070 1054 820 369 968 . 290 1972 1472 Parts 673 | . 18 5 48 10 85 47 6 13 93 44 31 13 37 . 18 130 75 Haulers Intercepted 1 | . . . . . . . . . 1 . . . . . . . . Recyclers Shooed 3 | . 1 . . . 1 . . . . . . . 1 . . . . Parts Field Recycled . | . . . . . . . . . . . . . . . . . . Retrieved Matter . | . . . . . . . . . . . . . . . . . . Parts Self-Destructed . | . . . . . . . . . . . . . . . . . . Prevented . | . . . . . . . . . . . . . . . . . . Kills | -11 -10 -10 -9 -9 -8 -7 -7 -7 -5 -5 -5 -5 -5 -4 -4 -3 -2 ------- Run | Jun Mat Min Mat Min Mat Fac Sto Rec Fac Ext Cet Arc Hub Fac DSF Res Res Combat Hostiles Destroyed 195 | . 6 4 13 4 28 18 1 4 26 13 14 4 13 . 4 27 16 Melee 108 | . . . . . 11 15 1 4 26 5 6 . 4 . 4 26 6 Guns 64 | . 6 4 13 4 17 3 . . . . 4 4 5 . . . 4 Cannons 18 | . . . . . . . . . . 8 3 . 1 . . 1 5 Classes Destroyed 17 | . 3 2 2 . 5 . . . 2 2 . . . . 1 . . Worker 2 | . . 1 . . . . . . . . . . 1 . . . . Builder 3 | . . . . . . . . . . 3 . . . . . . . Tunneler 1 | . . . . . 1 . . . . . . . . . . . . Hauler 1 | . . . . . . . . . 1 . . . . . . . . Recycler 5 | . . . 1 . 2 . . . . . . . . . . . 2 Mechanic 1 | . . . . . 1 . . . . . . . . . . . . Operator 11 | . . . 2 . 3 . . . 4 . . . . . . 2 . Watcher 30 | . 3 . 4 . 5 4 1 . 6 2 2 . 2 . . 1 . Swarmer 11 | . 1 . 1 . 3 1 . . 1 . 1 . . . . 3 . Grunt 73 | . 5 2 5 4 12 11 1 . 6 6 6 . 6 . 2 7 . Brawler 4 | . . . . . 1 1 . . 1 1 . . . . . . . Duelist 3 | . . . . . 1 2 . . . . . . . . . . . Sentry 49 | . . 2 7 . 10 3 . 4 9 3 . 4 5 . . 1 1 Hunter 13 | . . . . . 1 . . . 2 . 2 . 2 . 1 4 1 Programmer 32 | . . . . . . . . . 7 1 . . . . . 11 13 Heavy 1 | . . . . . . . . . . . . . . . 1 . . Behemoth 4 | . . . . . . . . . . 2 . . . . . 1 1 Cetus Guard 5 | . . . . . . . . . . . 5 . . . . . . Best Kill Streak 14 | . 3 3 5 2 14 5 2 3 5 3 3 3 3 . 3 5 3 Combat Bots Only 5 | . 3 2 2 2 5 4 1 3 4 3 3 3 3 . 3 5 3 Max Kills in Single Turn 2 | . 1 1 1 1 1 1 1 1 1 1 1 1 1 . 1 2 1 Gunslinging . | . . . . . . . . . . . . . . . . . . Exploded . | . . . . . . . . . . . . . . . . . . Melee 2 | . . . . . 1 1 1 1 1 1 1 . 1 . 1 2 1 Uniques/NPCs Destroyed . | . . . . . . . . . . . . . . . . . . Combat | -11 -10 -10 -9 -9 -8 -7 -7 -7 -5 -5 -5 -5 -5 -4 -4 -3 -2 -------- Run | Jun Mat Min Mat Min Mat Fac Sto Rec Fac Ext Cet Arc Hub Fac DSF Res Res Damage Taken 23201 | . 306 186 203 7 1717 618 . 64 1571 1156 3172 392 2226 . 1205 4012 6366 Core 3930 | . 50 22 35 . 519 147 . 3 230 86 378 88 212 . 159 530 1471 Absorbed by Shields 1898 | . . . 48 3 424 193 . . 547 88 . . . . . 559 36 Redirected to Shielding 236 | . . . . . 40 147 . 5 36 8 . . . . . . . Regen/Repaired (Parts) 5495 | . 71 . . . 46 94 . 16 586 1077 674 229 934 . 167 1215 386 Core Remaining (%) 61 | 100 . 71 . 91 5 . . 78 . . . . . . 86 59 . Volleys Fired 543 | . 44 14 45 9 96 27 . . . 52 71 20 77 . . 35 53 Largest 3 | . 2 2 2 2 2 2 . . . 1 3 2 3 . . 1 2 Hottest 211 | . 85 85 88 88 88 85 . . . 91 211 120 133 . . 105 185 Shots Fired 809 | . 58 27 87 16 174 47 . . . 51 91 37 113 . . 34 74 Gun 647 | . 58 27 87 16 174 47 . . . 8 61 37 63 . . 19 50 Cannon 111 | . . . . . . . . . . 43 30 . 14 . . . 24 Launcher . | . . . . . . . . . . . . . . . . . . Special 51 | . . . . . . . . . . . . . 36 . . 15 . Kinetic 368 | . 50 13 45 9 92 27 . . . 44 46 17 . . . . 25 Thermal 422 | . 8 14 42 7 82 20 . . . 7 45 20 113 . . 15 49 Explosive . | . . . . . . . . . . . . . . . . . . Electromagnetic 19 | . . . . . . . . . . . . . . . . 19 . Robot Hit Streak 43 | . 27 14 16 31 36 35 . . . 36 43 22 37 . . 38 26 Robot Miss Streak 2 | . 1 1 1 . 1 1 . . . 1 1 1 2 . . 2 1 Penetration Max 2 | . . . . . . . . . . 2 1 1 . . . . 1 Secondary Targets 4 | . . 1 . . 1 . . . . . . 1 1 . . . . Max Gunslinging Chain 1 | . . 1 . . 1 . . . . . . 1 1 . . . . Shots Hit Robots 1212 | . 50 23 70 15 180 92 2 12 137 86 97 32 119 . 36 154 107 Core Hits 479 | . 20 10 31 6 69 38 2 6 55 34 37 16 46 . 17 59 33 Critical Kills 7 | . . . . . . . . . . 3 2 . . . . . 2 Critical Parts Destroyed 14 | . . 1 . . . . . . . 5 8 . . . . . . Critical Strikes 88 | . 1 2 4 1 7 5 . 2 17 17 14 . 1 . 1 10 6 Burn 12 | . 1 1 4 1 4 . . . . . 1 . . . . . . Meltdown 1 | . . . . . . . . . . . . . . . . . 1 Destroy 26 | . . 1 . . . 1 . . . 10 12 . . . . . 2 Corrupt 1 | . . . . . . . . . . . . . . . . 1 . Sever 40 | . . . . . 3 4 . 2 17 7 1 . . . . 3 3 Impale 8 | . . . . . . . . . . . . . 1 . 1 6 . Melee Attacks 583 | . . . . . 29 60 2 12 153 47 14 . 23 . 37 162 44 Impact . | . . . . . . . . . . . . . . . . . . Slashing 375 | . . . . . 29 60 2 12 153 47 14 . . . . 14 44 Piercing 208 | . . . . . . . . . . . . . 23 . 37 148 . Sneak Attacks 16 | . . . . . 2 1 . 4 2 2 . . 1 . . 3 1 Combat Hostiles 4 | . . . . . . . . 4 . . . . . . . . . Follow-up Attacks 60 | . . . . . . 3 . 1 18 5 1 . 3 . 8 21 . Damage Inflicted 33602 | . 515 335 1059 233 2950 2329 71 615 6087 3069 2967 801 2289 . 802 4821 4659 Guns 10022 | . 515 335 1059 233 2049 402 . . . 201 1575 801 1341 . . 207 1304 Cannons 3275 | . . . . . . . . . . 1148 766 . 211 . . . 1150 Explosions 79 | . . . . . . . . . . 36 43 . . . . . . Melee 19867 | . . . . . 901 1927 71 615 6087 1684 583 . 633 . 802 4390 2174 Ramming 31 | . . . . . . . . . . . . . . . . . 31 Kinetic 5668 | . 417 144 497 125 871 176 . . . 1157 1280 408 . . . . 593 Thermal 7793 | . 98 191 562 108 1178 226 . . . 192 1104 393 1656 . . 224 1861 Explosive . | . . . . . . . . . . . . . . . . . . Electromagnetic 243 | . . . . . . . . . . 36 . . . . . 207 . Impact . | . . . . . . . . . . . . . . . . . . Slashing 14995 | . . . . . 901 1927 71 615 6087 1684 583 . . . . 953 2174 Piercing 4872 | . . . . . . . . . . . . . 633 . 802 3437 . Highest Corruption 23 | . . . . . 3 . . . 2 2 . . 1 . . 18 23 Average Corruption 7 | . . . . . 2 . . . 1 1 . . 1 . . 9 13 Corruption Purged 25 | . . . . . . . . . 6 2 . . 1 . . 14 2 Corruption Blocked . | . . . . . . . . . . . . . . . . . . Effects 91 | . . . . . 20 . . . 4 1 . . . . . 29 37 Message Errors 25 | . . . . . 6 . . . 1 . . . . . . 7 11 Matter Fused 28 | . . . . . 4 . . . 3 . . . . . . 12 9 Heat Flow Errors 8 | . . . . . 1 . . . . . . . . . . 4 3 Energy Discharges 8 | . . . . . 1 . . . . . . . . . . 1 6 Parts Rejected 1 | . . . . . . . . . . . . . . . . . 1 Parts Fused 1 | . . . . . . . . . . . . . . . . . 1 Data Loss (minor) 7 | . . . . . 1 . . . . . . . . . . 3 3 Data Loss (major) 1 | . . . . . . . . . . . . . . . . . 1 Misfires 5 | . . . . . 5 . . . . . . . . . . . . Alerts 2 | . . . . . 1 . . . . . . . . . . 1 . Misdirections 2 | . . . . . . . . . . . . . . . . . 2 Weapon Failures 3 | . . . . . 1 . . . . 1 . . . . . 1 . Overload Shots . | . . . . . . . . . . . . . . . . . . Overflow Damage 1037 | . . . . . 111 131 . 2 155 176 35 . 50 . 7 174 196 Projectiles 173 | . . . . . . . . . . . 21 . . . . . 152 Explosions . | . . . . . . . . . . . . . . . . . . Melee 864 | . . . . . 111 131 . 2 155 176 14 . 50 . 7 174 44 Knockbacks . | . . . . . . . . . . . . . . . . . . Impact . | . . . . . . . . . . . . . . . . . . Kinetic . | . . . . . . . . . . . . . . . . . . Secondary . | . . . . . . . . . . . . . . . . . . Self-Inflicted Damage 15 | . . . . . . . . . . . . . . . . . 15 Shots . | . . . . . . . . . . . . . . . . . . Rammed 1 | . . . . . . . . . . . . . . . . . 1 Targets Rammed 1 | . . . . . . . . . . . . . . . . . 1 Kicked . | . . . . . . . . . . . . . . . . . . Crushed . | . . . . . . . . . . . . . . . . . . Highest Temperature 590 | . 31 271 12 66 354 148 17 8 216 284 429 31 236 . 7 348 590 Average Temperature 85 | . 12 165 7 36 103 46 8 2 73 115 125 25 90 . 7 138 99 Received Heat Transfer 5891 | . 264 192 117 6 1144 220 . 30 392 378 918 99 900 . 136 294 801 Effects 23 | . . 4 . . . . . . 3 2 5 . . . . . 9 Shutdowns 3 | . . . . . . . . . . . 1 . . . . . 2 Energy Bleed 3 | . . 1 . . . . . . . . 1 . . . . . 1 Interference 14 | . . 3 . . . . . . 3 2 3 . . . . . 3 Damage (major) 3 | . . . . . . . . . . . . . . . . . 3 Siege Activations . | . . . . . . . . . . . . . . . . . . Robots Corrupted . | . . . . . . . . . . . . . . . . . . Combat Hostiles . | . . . . . . . . . . . . . . . . . . Parts Fried 2 | . . . . . . . . . . 1 . . . . . 1 . Impact Corruptions . | . . . . . . . . . . . . . . . . . . Robots Melted 5 | . . . . . . . . . . . 1 . 3 . . . 1 Combat Hostiles 5 | . . . . . . . . . . . 1 . 3 . . . 1 Parts Melted 34 | . 1 2 . 1 6 1 . . . . 2 . 12 . . 1 8 Heat Transferred 12617 | . 296 518 1702 333 3108 555 . . . . 642 629 2762 . . 481 1591 Parts Sabotaged . | . . . . . . . . . . . . . . . . . . Parts Stolen . | . . . . . . . . . . . . . . . . . . Parts Stripped . | . . . . . . . . . . . . . . . . . . Power Chain Reactions 2 | . . . . . . . . . . 1 1 . . . . . . Missiles Intercepted . | . . . . . . . . . . . . . . . . . . Alert | -11 -10 -10 -9 -9 -8 -7 -7 -7 -5 -5 -5 -5 -5 -4 -4 -3 -2 ------- Run | Jun Mat Min Mat Min Mat Fac Sto Rec Fac Ext Cet Arc Hub Fac DSF Res Res Peak Influence 467 | . 179 59 306 112 308 356 73 70 467 405 356 149 370 91 98 317 185 Initial 96 | . . . 11 12 30 85 26 20 18 96 . 11 35 91 48 40 61 Average 105 | . 47 10 115 56 126 175 49 43 111 200 129 121 210 91 74 70 75 Maximum Alert Level 2 | . . . 1 . 1 1 . . 2 2 1 . 1 . . 1 . Low Security (%) 81 | 100 100 100 87 100 65 63 100 100 73 64 71 100 38 100 100 94 100 Level 1 18 | . . . 12 . 34 36 . . 25 35 28 . 61 . . 5 . Level 2 . | . . . . . . . . . 1 . . . . . . . . Level 3 . | . . . . . . . . . . . . . . . . . . Level 4 . | . . . . . . . . . . . . . . . . . . Level 5 . | . . . . . . . . . . . . . . . . . . High Security . | . . . . . . . . . . . . . . . . . . Max Security . | . . . . . . . . . . . . . . . . . . Squads Dispatched 34 | . . . 1 . 2 4 . . 8 2 1 . 2 . 1 8 5 Investigation 12 | . . . . . . 2 . . 2 1 1 . . . . 4 2 Extermination 10 | . . . . . . 1 . . 3 . . . . . . 3 3 Reinforcement 9 | . . . 1 . 2 1 . . 1 1 . . 1 . 1 1 . Assault . | . . . . . . . . . . . . . . . . . . Garrison 3 | . . . . . . . . . 2 . . . 1 . . . . Intercept . | . . . . . . . . . . . . . . . . . . Searches Triggered . | . . . . . . . . . . . . . . . . . . Construction Impeded 1 | . . . . . . . . . . 1 . . . . . . . Haulers Reinforced . | . . . . . . . . . . . . . . . . . . Active Scanning Responses . | . . . . . . . . . . . . . . . . . . Cargo Convoy Interrupts . | . . . . . . . . . . . . . . . . . . Stealth | -11 -10 -10 -9 -9 -8 -7 -7 -7 -5 -5 -5 -5 -5 -4 -4 -3 -2 --------- Run | Jun Mat Min Mat Min Mat Fac Sto Rec Fac Ext Cet Arc Hub Fac DSF Res Res Distress Signals 13 | . 1 . 4 . 3 . . . 2 . 2 . 1 . . . . Communications Jammed . | . . . . . . . . . . . . . . . . . . Distress Signals . | . . . . . . . . . . . . . . . . . . Times Spotted 302 | . 11 3 24 4 38 28 2 2 39 22 25 5 19 . 6 39 35 Peak Tracking Total 14 | . 4 2 3 2 7 4 1 1 6 5 7 2 5 . 4 8 14 Tactical Retreats 13 | . . . 1 . 1 3 . . . . 2 . 2 . . 3 1 Traps | -11 -10 -10 -9 -9 -8 -7 -7 -7 -5 -5 -5 -5 -5 -4 -4 -3 -2 ------- Run | Jun Mat Min Mat Min Mat Fac Sto Rec Fac Ext Cet Arc Hub Fac DSF Res Res Traps Triggered 14 | . . . 1 . 1 1 . . 5 2 . . 2 . . 2 . Indirectly . | . . . . . . . . . . . . . . . . . . Trap Hack Attempts . | . . . . . . . . . . . . . . . . . . Triggered . | . . . . . . . . . . . . . . . . . . Disarmed 7 | . . . 7 . . . . . . . . . . . . . . Reprogrammed 3 | . . . . . . . . . 3 . . . . . . . . Reused . | . . . . . . . . . . . . . . . . . . Traps Extracted . | . . . . . . . . . . . . . . . . . . Installed . | . . . . . . . . . . . . . . . . . . Triggered . | . . . . . . . . . . . . . . . . . . Machines | -11 -10 -10 -9 -9 -8 -7 -7 -7 -5 -5 -5 -5 -5 -4 -4 -3 -2 ---------- Run | Jun Mat Min Mat Min Mat Fac Sto Rec Fac Ext Cet Arc Hub Fac DSF Res Res Machines Disabled 8 | . 1 2 . . 1 . . . . . 1 2 1 . . . . Max in Single Turn 1 | . 1 1 . . 1 . . . . . . 1 1 . . . . Garrison Access 4 | . . . . . . . . . 2 . . . 1 . . . 1 Machines Repaired . | . . . . . . . . . . . . . . . . . . Machines Sabotaged . | . . . . . . . . . . . . . . . . . . Overloaded Fab Kills . | . . . . . . . . . . . . . . . . . . Hacking | -11 -10 -10 -9 -9 -8 -7 -7 -7 -5 -5 -5 -5 -5 -4 -4 -3 -2 --------- Run | Jun Mat Min Mat Min Mat Fac Sto Rec Fac Ext Cet Arc Hub Fac DSF Res Res Machines Accessed 111 | . 10 . 7 . 10 12 6 11 19 14 2 1 4 1 . 8 6 Terminals 70 | . 7 . 4 . 6 7 6 6 9 13 2 . 3 1 . 4 2 Fabricators 5 | . . . . . . 1 . . 1 . . . . . . 2 1 Repair Stations 9 | . 1 . . . 1 2 . . 3 . . . . . . 1 1 Recycling Units 15 | . 2 . 1 . 2 1 . 5 2 1 . . . . . . 1 Scanalyzers 7 | . . . 2 . 1 1 . . 2 . . . . . . 1 . Garrison Access 4 | . . . . . . . . . 2 . . . 1 . . . 1 Total Hacks 270 | . 26 . 24 . 27 29 7 22 40 20 7 25 9 1 . 17 16 Successful 169 | . 17 . 18 . 22 13 5 11 19 12 5 25 6 1 . 10 5 Failed 101 | . 9 . 6 . 5 16 2 11 21 8 2 . 3 . . 7 11 Catastrophic 8 | . . . . . . 1 . 1 1 1 1 . . . . 3 . Database Lockouts . | . . . . . . . . . . . . . . . . . . Manual 2 | . . . . . . . 1 . . . 1 . . . . . . Terminals 164 | . 21 . 17 . 20 18 7 15 22 19 7 . 6 1 . 6 5 Fabricators 10 | . . . . . . 2 . . 1 . . . . . . 6 1 Repair Stations 22 | . 2 . . . 4 5 . . 7 . . . . . . 2 2 Recycling Units 23 | . 3 . 1 . 2 1 . 7 4 1 . . . . . . 4 Scanalyzers 17 | . . . 6 . 1 3 . . 4 . . . . . . 3 . Garrison Access 9 | . . . . . . . . . 2 . . . 3 . . . 4 Terminal Hacks 114 | . 12 . 11 . 16 7 5 5 9 11 5 25 5 1 . 2 . Record 43 | . . . 5 . 6 1 . . 2 . 4 25 . . . . . Part Schematic 2 | . . . . . . . . . . . . . 2 . . . . Open Door 18 | . . . . . . . 5 . 1 11 1 . . . . . . Open DSF 4 | . . . . . . 1 . . 1 . . . . 1 . 1 . Level Access Points 1 | . . . . . . . . . 1 . . . . . . . . Branch Access Points 3 | . 1 . . . . . . 1 1 . . . . . . . . Emergency Access Points 5 | . . . . . 2 . . 1 . . . . 1 . . 1 . Alert Level 1 | . . . . . 1 . . . . . . . . . . . . Unreport Threat 2 | . . . . . . 1 . 1 . . . . . . . . . Locate Traps 8 | . 2 . 2 . 1 2 . . 1 . . . . . . . . Disarm Traps 2 | . . . 2 . . . . . . . . . . . . . . Reprogram Traps 2 | . . . 1 . . . . . 1 . . . . . . . . Dispatch Records 1 | . 1 . . . . . . . . . . . . . . . . Security Status 2 | . 2 . . . . . . . . . . . . . . . . Surveillance Status 2 | . 1 . . . 1 . . . . . . . . . . . . Patrol Status 3 | . 1 . 1 . 1 . . . . . . . . . . . . Transport Status 1 | . 1 . . . . . . . . . . . . . . . . Recall Investigation 1 | . . . . . . . . . . . . . 1 . . . . Hauler Manifests 1 | . 1 . . . . . . . . . . . . . . . . Registered Components 1 | . . . . . 1 . . . . . . . . . . . . Registered Prototypes 2 | . 1 . . . 1 . . . . . . . . . . . . Zone Layout 9 | . 1 . . . 2 2 . 2 1 . . . 1 . . . . Fabricator Hacks 8 | . . . . . . 2 . . 1 . . . . . . 4 1 Load Schematic 3 | . . . . . . 1 . . . . . . . . . 2 . Build 5 | . . . . . . 1 . . 1 . . . . . . 2 1 Repair Station Hacks 13 | . 2 . . . 4 2 . . 1 . . . . . . 2 2 Scan Component 7 | . 1 . . . 2 1 . . 1 . . . . . . 1 1 Repair 6 | . 1 . . . 2 1 . . . . . . . . . 1 1 Recycling Unit Hacks 18 | . 3 . 1 . 2 1 . 6 3 1 . . . . . . 1 Report Inventory 11 | . 2 . 1 . 2 1 . 1 2 1 . . . . . . 1 Retrieve Components 7 | . 1 . . . . . . 5 1 . . . . . . . . Scanalyzer 12 | . . . 6 . . 1 . . 3 . . . . . . 2 . Insert Component 7 | . . . 3 . . 1 . . 2 . . . . . . 1 . Analyze 5 | . . . 3 . . . . . 1 . . . . . . 1 . Garrison Access Hacks 4 | . . . . . . . . . 2 . . . 1 . . . 1 Seal Access 4 | . . . . . . . . . 2 . . . 1 . . . 1 Unauthorized Hacks . | . . . . . . . . . . . . . . . . . . Terminals . | . . . . . . . . . . . . . . . . . . Fabricators . | . . . . . . . . . . . . . . . . . . Repair Stations . | . . . . . . . . . . . . . . . . . . Recycling Units . | . . . . . . . . . . . . . . . . . . Scanalyzers . | . . . . . . . . . . . . . . . . . . Garrison Access . | . . . . . . . . . . . . . . . . . . Data Cores Recovered 4 | . . . . . 1 . . . 2 . . . . . . 1 . Used 4 | . . . . . 1 . . . 2 . . . . . . 1 . Hacking Detections 74 | . 6 . 4 . 7 10 4 6 14 7 1 . 3 . . 7 5 Full Trace Events 11 | . . . . . . 2 . . 2 1 1 . . . . 3 2 Feedback Events . | . . . . . . . . . . . . . . . . . . Feedback Blocked . | . . . . . . . . . . . . . . . . . . Robot Schematics Acquired . | . . . . . . . . . . . . . . . . . . Robots Built . | . . . . . . . . . . . . . . . . . . Authchips . | . . . . . . . . . . . . . . . . . . Time . | . . . . . . . . . . . . . . . . . . Total Robot Build Rating . | . . . . . . . . . . . . . . . . . . Part Schematics Acquired 6 | . . . 3 . . . . . 1 . . . 2 . . . . Parts Built 10 | . . . . . . 3 . . 2 . . . . . . 3 2 Authchips . | . . . . . . . . . . . . . . . . . . Time 304 | . . . . . . 25 . . 106 . . . . . . 127 46 Total Part Build Rating 58 | . . . . . . 3 . . 12 . . . . . . 25 18 Parts Repaired 6 | . 1 . . . 2 1 . . . . . . . . . 1 1 Time 255 | . 26 . . . 64 38 . . . . . . . . . 28 99 Parts Recycled . | . . . . . . . . . . . . . . . . . . Recycled Matter . | . . . . . . . . . . . . . . . . . . Retrieved Matter . | . . . . . . . . . . . . . . . . . . Retrieved Components 23 | . 10 . . . . . . 12 1 . . . . . . . . Parts Scanalyzed 6 | . . . 3 . . 1 . . 1 . . . . . . 1 . Part Schematics Acquired 4 | . . . 3 . . . . . 1 . . . . . . . . Parts Damaged . | . . . . . . . . . . . . . . . . . . Bothacking | -11 -10 -10 -9 -9 -8 -7 -7 -7 -5 -5 -5 -5 -5 -4 -4 -3 -2 ------------ Run | Jun Mat Min Mat Min Mat Fac Sto Rec Fac Ext Cet Arc Hub Fac DSF Res Res Used RIF Installer . | . . . . . . . . . . . . . . . . . . Robots Hacked . | . . . . . . . . . . . . . . . . . . Non-combat . | . . . . . . . . . . . . . . . . . . Combat . | . . . . . . . . . . . . . . . . . . Robot Hacks Applied . | . . . . . . . . . . . . . . . . . . Relay Couplers Released 4 | . . . . . . . . . 4 . . . . . . . . Programmers 4 | . . . . . . . . . 4 . . . . . . . . Fabnet Peak Effective % . | . . . . . . . . . . . . . . . . . . Robots Rewired . | . . . . . . . . . . . . . . . . . . Allies Hacked . | . . . . . . . . . . . . . . . . . . Hacks Repelled . | . . . . . . . . . . . . . . . . . . Allies | -11 -10 -10 -9 -9 -8 -7 -7 -7 -5 -5 -5 -5 -5 -4 -4 -3 -2 -------- Run | Jun Mat Min Mat Min Mat Fac Sto Rec Fac Ext Cet Arc Hub Fac DSF Res Res Total Allies 17 | . . 3 . . . . 1 . . 13 . . . . . . . Largest Group 9 | . . 3 3 . . . 1 1 . 9 9 . . . . . . Highest-Rated Group 271 | . . 40 40 . . . 100 100 . 271 271 . . . . . . Highest-Rated Ally 159 | . . 16 16 . . . 100 100 . 159 39 . . . . . . Total Orders . | . . . . . . . . . . . . . . . . . . Ally Attacks 127 | . . 13 25 . . . . . . 49 40 . . . . . . Total Damage 2376 | . . 164 199 . . . . . . 1148 865 . . . . . . Kills 17 | . . . 4 . . . . . . 6 7 . . . . . . Allies Corrupted . | . . . . . . . . . . . . . . . . . . Allies Melted . | . . . . . . . . . . . . . . . . . . Intel | -11 -10 -10 -9 -9 -8 -7 -7 -7 -5 -5 -5 -5 -5 -4 -4 -3 -2 ------- Run | Jun Mat Min Mat Min Mat Fac Sto Rec Fac Ext Cet Arc Hub Fac DSF Res Res Robot Analysis Total . | . . . . . . . . . . . . . . . . . . Derelict Logs Recovered 3 | . . 1 . 2 . . . . . . . . . . . . . Drone Launches . | . . . . . . . . . . . . . . . . . . Drone Recoveries . | . . . . . . . . . . . . . . . . . . Exploration | -11 -10 -10 -9 -9 -8 -7 -7 -7 -5 -5 -5 -5 -5 -4 -4 -3 -2 ------------- Run | Jun Mat Min Mat Min Mat Fac Sto Rec Fac Ext Cet Arc Hub Fac DSF Res Res Turns Passed 13788 | 30 965 708 1374 327 1545 845 224 306 2090 814 628 220 649 17 246 1701 1099 Spaces Moved 12580 | 34 691 534 707 486 1065 1222 244 594 2339 1018 335 212 612 41 284 1359 803 Core 111 | 31 . . . . 12 . . . . . 47 . 2 . . 3 16 Treads 1449 | . . . . . . . . . 620 732 . . 3 . . 94 . Legs 2387 | 3 691 534 704 . 455 . . . . . . . . . . . . Wheels 23 | . . . . . . . . . . 23 . . . . . . . Hover 8157 | . . . 3 486 598 1222 244 594 1719 263 288 212 607 41 284 809 787 Flight 453 | . . . . . . . . . . . . . . . . 453 . Fastest Speed 35 | 50 120 120 52 52 48 36 36 36 35 41 56 75 39 39 39 37 40 Average Speed 67 | 56 120 120 158 52 93 39 36 37 44 46 112 75 48 39 39 54 76 Slowest Speed 1300 | 120 120 120 190 52 300 103 36 38 114 65 200 75 200 39 39 300 1300 Overloaded Moves . | . . . . . . . . . . . . . . . . . . Propulsion Burnouts . | . . . . . . . . . . . . . . . . . . Robots Hopped . | . . . . . . . . . . . . . . . . . . Cave-ins Triggered . | . . . . . . . . . . . . . . . . . . Exploration Rate (%) 63 | 3 99 99 72 98 96 35 28 98 47 86 86 100 50 1 97 22 25 Regions Visited 17 Branch Regions 8 Pre-discovered Areas 1 | . . . . 1 . . . . . . . . . . . . . Known Exits Taken 16 | 1 1 1 1 1 1 1 1 1 1 1 1 1 1 1 . 1 . Unknown Exits Taken . | . . . . . . . . . . . . . . . . . . Scrap Searched 3 | . . 1 . 2 . . . . . . . . . . . . . Spaces Dug 26 | . . . . . . 1 . . 6 1 . . . . . 18 . Terrain Destroyed 40 | . . . . . . 1 . . 6 3 5 . 4 . . 18 3 Melee 26 | . . . . . . 1 . . 6 1 . . . . . 18 . Projectile 12 | . . . . . . . . . . 2 3 . 4 . . . 3 AOE 2 | . . . . . . . . . . . 2 . . . . . . Terrain Rammed . | . . . . . . . . . . . . . . . . . . Walls Destroyed . | . . . . . . . . . . . . . . . . . . Machines Disabled . | . . . . . . . . . . . . . . . . . . Actions | -11 -10 -10 -9 -9 -8 -7 -7 -7 -5 -5 -5 -5 -5 -4 -4 -3 -2 --------- Run | Jun Mat Min Mat Min Mat Fac Sto Rec Fac Ext Cet Arc Hub Fac DSF Res Res Total 16288 | 44 774 574 880 542 1407 1459 375 651 3183 1246 481 235 814 41 374 2053 1155 Wait 2032 | . 11 20 63 36 144 99 110 16 641 126 57 3 85 1 45 435 140 Move 12563 | 33 690 533 706 485 1064 1221 243 593 2338 1017 334 211 611 40 283 1358 803 Hop . | . . . . . . . . . . . . . . . . . . Pick Up 175 | 5 16 2 14 3 25 16 5 2 16 2 . . 9 . 12 18 30 Fast Attach 29 | 1 . . 4 . 2 1 2 2 5 1 . . . . 1 6 4 Attach 144 | 5 3 . 5 2 24 8 . . 6 5 5 1 9 . 2 20 49 Detach 31 | . . . . 1 . . . 2 . 1 1 . . . . 7 19 Swap 133 | . 6 3 16 5 14 15 6 18 23 1 . . . . . 20 6 Drop 132 | . 4 2 27 1 9 17 7 7 26 1 1 . 3 . 3 18 6 Fire 543 | . 44 14 45 9 96 27 . . . 52 71 20 77 . . 35 53 Melee 503 | . . . . . 29 55 2 11 128 40 12 . 20 . 28 134 44 Ram 1 | . . . . . . . . . . . . . . . . . 1 Kick . | . . . . . . . . . . . . . . . . . . Crush . | . . . . . . . . . . . . . . . . . . Escape Stasis 2 | . . . . . . . . . . . . . . . . 2 . Rewire . | . . . . . . . . . . . . . . . . . . Trap . | . . . . . . . . . . . . . . . . . . Miscellaneous . | . . . . . . . . . . . . . . . . . . Route ------- -11/Junkyard -10/Materials (discovered 4 exits: *Mat x3 / *Min) -10/Mines (discovered 3 exits: *Mat x2 / *Exi) -9/Materials (discovered 3 exits: *Mat x2 / *Min) -9/Mines (discovered 2 exits: *Mat x2) -8/Materials (discovered 2 exits: *Fac x2) -7/Factory (discovered 3 exits: *Fac / *Sto / *Low) -7/Storage -7/Recycling -5/Factory (discovered 8 exits: *Fac x4 / Upp x2 / *Ext x2) -5/Extension (discovered 3 exits: *Fac x2 / *Cet) -5/Cetus (discovered 2 exits: *Fac / *Arc) -5/Archives (discovered 3 exits: *Fac / *Hub x2) -5/Hub_04(d) (discovered 2 exits: *Fac x2) -4/Factory -4/DSF -3/Research -2/Research History --------- Turn | Location | Event 11 | -11/Junkyard | Identified exit to Materials 11 | -11/Junkyard | Discovered exit to Materials (range 15) 31 | -11/Junkyard | Entered Materials 31 | -10/Materials | Evolved 1 slot: Propulsion x1 232 | -10/Materials | Repaired Lgt. Armor Plating 309 | -10/Materials | Identified exit to Materials 309 | -10/Materials | Discovered exit to Materials (range 16) 322 | -10/Materials | Build established: Hacker-Mutant 329 | -10/Materials | Identified exit to Mines 625 | -10/Materials | Discovered exit to Materials (range 3) 827 | -10/Materials | Discovered exit to Materials (range 14) 996 | -10/Materials | Entered Mines 1041 | -10/Mines | Deemed a non-threat by the Exiles lab entrance 1041 | -10/Mines | Identified exit to Exiles 1041 | -10/Mines | Discovered exit to Exiles (range 5) 1264 | -10/Mines | Discovered exit to Materials (range 5) 1384 | -10/Mines | Assisted by bots powering up and referring to "LRC-V3" 1623 | -10/Mines | A weapon hastily lodged in a ceiling crevice suddenly fell to the ground 1704 | -10/Mines | Entered Materials 1704 | -9/Materials | Accompanied by 3 allies 1704 | -9/Materials | Evolved 2 slots: Power x1, Utility x1 2371 | -9/Materials | Identified exit to Materials 2371 | -9/Materials | Discovered exit to Materials (range 9) 2665 | -9/Materials | Discovered exit to Materials (range 15) 2897 | -9/Materials | Identified exit to Mines 2897 | -9/Materials | Discovered exit to Mines (range 7) 3078 | -9/Materials | Entered Mines 3092 | -9/Mines | Met a Derelict bent on vengeance 3267 | -9/Mines | Found a hidden stash of uninstalled traps 3323 | -9/Mines | Discovered exit to Materials (range 8) 3356 | -9/Mines | Learned Materials stockpile data 3372 | -9/Mines | Found a damaged Exp. Sensor Array with a note attached 3373 | -9/Mines | Found Prototype Device 3374 | -9/Mines | Identified Exp. Sensor Array 3381 | -9/Mines | Discovered exit to Materials (range 10) 3391 | -9/Mines | Received a Rocket Launcher from a helpful Derelict 3405 | -9/Mines | Entered Materials 3405 | -8/Materials | Evolved 2 slots: Propulsion x1, Utility x1 3895 | -8/Materials | Core integrity fell below 50% 3916 | -8/Materials | Lost 10 parts (2p3n4u1w) 4191 | -8/Materials | Identified exit to Factory 4191 | -8/Materials | Discovered exit to Factory (range 16) 4231 | -8/Materials | Core integrity fell below 20% 4554 | -8/Materials | Build established: Scavenger-Mutant 4600 | -8/Materials | Repaired Imp. Heat Sink 4627 | -8/Materials | Repaired Structural Scanner 4739 | -8/Materials | Lost 4 parts (1p2n1u) 4938 | -8/Materials | Discovered exit to Factory (range 5) 4950 | -8/Materials | Entered Factory 4950 | -7/Factory | Evolved 2 slots: Propulsion x1, Utility x1 5314 | -7/Factory | Repaired Imp. Propulsion Shielding 5336 | -7/Factory | Build established: Hacker-Mutant 5379 | -7/Factory | Identified exit to Lower Caves 5379 | -7/Factory | Discovered exit to Lower Caves (range 8) 5404 | -7/Factory | Identified exit to Storage 5404 | -7/Factory | Discovered exit to Storage (range 15) 5669 | -7/Factory | Fabricated Assault Rifle? 5729 | -7/Factory | Identified exit to Factory 5729 | -7/Factory | Discovered exit to Factory (range 7) 5795 | -7/Factory | Entered Storage 5979 | -7/Storage | Used back door to open Recycling access 5979 | -7/Storage | Identified exit to Recycling 5979 | -7/Storage | Discovered exit to Recycling (range 5) 6000 | -7/Storage | Met 01-MTF 6019 | -7/Storage | Entered Recycling 6019 | -7/Recycling | Accompanied by 1 ally (01-MTF) 6024 | -7/Recycling | 01-MTF left 6027 | -7/Recycling | Found Scrap Engine 6099 | -7/Recycling | Identified exit to Factory 6099 | -7/Recycling | Discovered exit to Factory (range 16) 6325 | -7/Recycling | Entered Factory 6325 | -5/Factory | Evolved 4 slots: Power x1, Propulsion x1, Utility x1, Weapon x1 6369 | -5/Factory | Identified exit to Extension 6369 | -5/Factory | Discovered exit to Extension (range 10) 6711 | -5/Factory | Spotted B-75 Beast 6818 | -5/Factory | Identified exit to Factory 6818 | -5/Factory | Discovered exit to Factory (range 6) 7510 | -5/Factory | Fabricated Adv. Shield Generator (x2) 7556 | -5/Factory | Build established: Hacker-Construct 7621 | -5/Factory | Garrison activated, responded to threat 8261 | -5/Factory | Identified exit to Upper Caves 8415 | -5/Factory | Entered Extension 8464 | -5/Extension | Rescued a captive Derelict 8488 | -5/Extension | Rescued a captive Derelict 8489 | -5/Extension | Rescued a captive Derelict 8628 | -5/Extension | Rescued A7 8750 | -5/Extension | Spotted B-75 Beast 8782 | -5/Extension | Spotted B-75 Beast 8818 | -5/Extension | Destroyed B-75 Beast 8846 | -5/Extension | Destroyed B-75 Beast 8853 | -5/Extension | Extracted ID and sensor layout for unrecognized location from A7's data core 8873 | -5/Extension | Discovered exit to Factory (range 3) 9100 | -5/Extension | Rescued a captive Derelict 9130 | -5/Extension | Rescued a captive Derelict 9151 | -5/Extension | Rescued a captive Derelict 9153 | -5/Extension | Rescued a captive Derelict 9156 | -5/Extension | Rescued a captive Derelict 9158 | -5/Extension | Rescued a captive Derelict 9170 | -5/Extension | Rescued a captive Derelict 9178 | -5/Extension | Rescued a captive Derelict 9184 | -5/Extension | Rescued a captive Derelict 9202 | -5/Extension | Discovered exit to Factory (range 10) 9203 | -5/Extension | Identified exit to Cetus 9203 | -5/Extension | Discovered exit to Cetus (range 6) 9229 | -5/Extension | Entered Cetus 9229 | -5/Cetus | Accompanied by 9 allies 9246 | -5/Cetus | Spotted Cetus Guard 9246 | -5/Cetus | Spotted Cetus Guard 9246 | -5/Cetus | Spotted Cetus Guard 9255 | -5/Cetus | Spotted Cetus Guard 9259 | -5/Cetus | Allies destroyed Cetus Guard 9261 | -5/Cetus | Allies destroyed Cetus Guard 9267 | -5/Cetus | Allies destroyed Cetus Guard 9268 | -5/Cetus | Destroyed Cetus Guard 9483 | -5/Cetus | Identified exit to Archives 9483 | -5/Cetus | Discovered exit to Archives (range 16) 9549 | -5/Cetus | Spotted Cetus Guard 9553 | -5/Cetus | Spotted Cetus Guard 9595 | -5/Cetus | Core integrity fell below 50% 9604 | -5/Cetus | Destroyed Cetus Guard 9612 | -5/Cetus | Destroyed Cetus Guard 9657 | -5/Cetus | Spotted Cetus Guard 9658 | -5/Cetus | Spotted Cetus Guard 9690 | -5/Cetus | Discovered exit to Factory (range 15) 9709 | -5/Cetus | Destroyed Cetus Guard 9757 | -5/Cetus | Destroyed Cetus Guard 9761 | -5/Cetus | Met Revision 17 9777 | -5/Cetus | Lost 6 parts (2p1n1u2w) 9857 | -5/Cetus | Entered Archives 9918 | -5/Archives | Unable to access archive contents 9943 | -5/Archives | Discovered exit to Factory (range 14) 9951 | -5/Archives | Unable to access archive contents 9954 | -5/Archives | Identified exit to Hub_04(d) 9954 | -5/Archives | Discovered exit to Hub_04(d) (range 16) 9958 | -5/Archives | Unable to access archive contents 9961 | -5/Archives | Discovered exit to Hub_04(d) (range 13) 10077 | -5/Archives | Entered Hub_04(d) 10126 | -5/Hub_04(d) | Garrison activated, responded to threat 10162 | -5/Hub_04(d) | Core integrity fell below 20% 10193 | -5/Hub_04(d) | Discovered exit to Factory (range 14) 10464 | -5/Hub_04(d) | Discovered exit to Factory (range 15) 10726 | -5/Hub_04(d) | Entered Factory 10726 | -4/Factory | Evolved 2 slots: Propulsion x1, Utility x1 10743 | -4/Factory | Identified exit to DSF 10743 | -4/Factory | Entered DSF 10788 | -4/DSF | Additional patrols routed to DSF 10839 | -4/DSF | Identified exit to Research 10839 | -4/DSF | Discovered exit to Research (range 15) 10855 | -4/DSF | Lost 4 parts (1p1n2u) 10989 | -4/DSF | Entered Research 10989 | -3/Research | Evolved 2 slots: Propulsion x1, Utility x1 11017 | -3/Research | Spotted B-86 Titan 11109 | -3/Research | Build established: Hacker-Mutant 11426 | -3/Research | Fabricated Enh. Quantum Rifle? 11829 | -3/Research | Repaired Adv. System Restoration Module 11974 | -3/Research | Destroyed B-86 Titan 12097 | -3/Research | System corruption reached 10% 12172 | -3/Research | Lost 4 parts (2p1u1w) 12447 | -3/Research | Fabricated Adv. Reaction Control System? 12452 | -3/Research | Found Prototype Device 12453 | -3/Research | Identified Adv. Kinecellerator 12498 | -3/Research | Found Prototype Device 12499 | -3/Research | Identified Exp. Thermal Defense Suite 12517 | -3/Research | Found Prototype Device 12519 | -3/Research | Identified Exp. Focal Shield 12523 | -3/Research | Found Prototype Device 12524 | -3/Research | Identified Exp. Shield Generator 12547 | -3/Research | Found Prototype Slashing Weapon 12548 | -3/Research | Identified Centrium Greatsword 12582 | -3/Research | Identified exit to Research 12582 | -3/Research | Discovered exit to Research (range 5) 12655 | -3/Research | Lost 3 parts (2u1w) 12690 | -3/Research | Entered another Research area 12690 | -2/Research | Evolved 2 slots: Propulsion x1, Utility x1 12801 | -2/Research | Repaired Centrium Greatsword 12947 | -2/Research | System corruption reached 10% 12967 | -2/Research | Lost 5 parts (2p1n2u) 13051 | -2/Research | Spotted B-90 Cyclops 13148 | -2/Research | Lost 7 parts (1p2n3u1w) 13196 | -2/Research | Destroyed B-90 Cyclops 13219 | -2/Research | Lost 5 parts (2n2u1w) 13315 | -2/Research | Fabricated Enh. Quantum Rifle? 13514 | -2/Research | Lost 8 parts (1p1n4u2w) 13689 | -2/Research | Spotted B-90 Cyclops 13712 | -2/Research | Core integrity fell below 50% 13732 | -2/Research | Spotted B-90 Cyclops 13758 | -2/Research | Lost 3 parts (1n1u1w) 13771 | -2/Research | Spotted B-90 Cyclops 13777 | -2/Research | Released all parts (3) 13784 | -2/Research | Core integrity fell below 20% 13789 | -2/Research | Destroyed by B-90 Cyclops with Nova Cannon Last Messages --------------- 13774_ Imp. Antigrav System destroyed. 13774_ Penetrated by Slug. 13775_ Mic. Antimatter Reactor destroyed. 13775_ Penetrated by Slug. 13777_ Released Imp. Coolant Injector. 13777_ Released Adv. Coolant Injector. 13778_ P-80 Master resets H-88 Terminator, system corruption cleaned. 13778_ Penetrated by Slug. 13779_ NRC 13784_ Slug penetrates P-80 Master. 13784_ P-80 Master destroyed. 13784_ U-05 Engineer builds a Wall. 13784_ Acquired Nova Cannon. 13786_ Penetrated by Slug. 13787_ B-90 Cyclops activates siege mode. 13787_ Penetrated by Slug. 13787_ G-73 Enforcer suffers critical hit (Burn). 13788_ Adv. Heat Sink destroyed. Map ----- +----------------------------------------------------+ | ?????????????????????????????????????? | | ?????????????????????????????????????? | | ?????????????????????????????????????? | | ?????????????????????????????????????? | | ######+##????????????????????????????????????????? | | #??????????????????????????????????????????????? | | #??????????????????????????????????????????????? | | #??????????????????????????????????????????????? | | #??????????????????????????????????????????????? | | #??????????????????????????????????????????????? | | #??????????????????????????????????????????????? | | #?????????????????? ???????????????????????????? | | #????????????????# ??????????????????????????? | | #????????????????# ?????????????????????????? | | #????????????????+ ?????????????????????????? | | #????????????????# ?????????????????????????? | | #????????????????# ?????????????????????????? | | ######?????????????# ?????????????????????????? | | #?????????????# #????????????????????????? | | #?????????????# #????????????????????????? | | #?????????????# ########?????????????????? | | #?????????????# #???? ?????????? | | #?????????????# ## ??????????? | | #?????????????# k + ??????????????? | | #?????????????# !! #?????????????????? | | #?????????????# !@ #?????????????????? | | #?????????????# ! #?????????????????? | | ######?????????????# ###+###???????????? | | ???????????????????+ = #??????????? | | ???????????????????# #??????????? | | ???????????????????# w g k ?????????? | | ?????????########### g g ??????????? | | ??????# # !! R ###g ??????????? | | ??????# ! ; !! BB #? ??????????? | | ?????# * # ! BB #?? ???????????? | | + ! + u ###???????????????? | | ####?# ; #?????????????????? | | #??????############ #?????????????????? | | #?????????????????# *! #?????????????????? | | #?????????????##### %p!###########??????????????? | | #??????###????#""#" h# #??????????????? | | ########T #####T"## # #??????????????? | | | / #??????????????? | | # """ #??????????????? | | #! """ #??????????????? | | ###??# # """ #??????????????? | | ?????# #######"########## #??????????????? | | ?????# #?# ! #????# = #??????????????? | | ?????# #?# #????###########??????????????? | | ?????# #?#!! #?????????????????????????????? | +----------------------------------------------------+ Best States ------------- Heat Dissipation 99 Coolant Potential 280 Energy Generation 65 Energy Capacity 1765 Matter Stores 300 Matter Capacity 700 Sight Range 18 Robot Scan Range 20 Terrain Scan Density 10 ECM Strength 2 Jamming Range 16 Cloak Strength 2 Power Amplification 20 Additional Mass Support 9 Armor Coverage 150 Resistance: KI 65 Resistance: TH 65 Resistance: EX 35 Resistance: EM 35 Resistance: I 35 Resistance: S 35 Resistance: P 35 Propulsion Shielding 66 Point Defense Rating 160 Phase Shifting 15 Evasion (%) 72 Recoil Reduction 5 Kinecelleration 50 Offensive Hacking 20 Item Schematics ----------------- Assault Rifle | -9/Materials | Scanalyzed Hcp. Matter Pod | -9/Materials | Scanalyzed Lgt. Armor Plating | -9/Materials | Scanalyzed Power Amplifier | -5/Factory | Scanalyzed Adv. Reaction Control System | -5/Hub_04(d) | Hacked Adv. Cryofiber Web | -5/Hub_04(d) | Hacked Robot Schematics ------------------ None Fabricated ------------ Assault Rifle | x3 | -7/Factory Adv. Shield Generator | x2 | -5/Factory | Preloaded Enh. Quantum Rifle | x2 | -3/Research | Preloaded Adv. Reaction Control System | x1 | -3/Research Enh. Quantum Rifle | x2 | -2/Research | Preloaded Alien Tech Used ----------------- None Achievements -------------- None Challenges ------------ None Game ------ Seed SlugEnhancedPerforator Manual? 0 Play Time 04:49:42 Cumulative 218.8 hours Start 2024.02.09 @ 02:57:31 End 2024.02.13 @ 20:07:12 Sessions 15 Manual Loads 0 Difficulty Explorer Special Mode None Game No. 158 Rogue 0 Adventurer 102 Explorer 56 Win Type - Total 0 Types 0/0/0/0/0/0/0/0/0 Lore% 50 Gallery% 66 Achievement% 50 Wizard Run 0 Options --------- ASCII 0 Keyboard 0 Movement Mouse Keybinds 0 Fullscreen 0 Font 20/SmallcapsGlow Map View 76x50 Tactical HUD 1 Map Filters NONE Filters NONE Steam 1 RUN: bc52c701-1b54-43f7-b098-90466add8067